 Dungeon Crawl Stone Soup version 0.21-a0-260-g9b2435e (webtiles) character file.

11251 sveltemanboy the Basher (level 11, 0/67 HPs)
             Began as a Demonspawn Monk on Sept 7, 2017.
             Was a High Priest of Kikubaaqudgha.
             Slain by Erica
             ... wielding a +1 scimitar of flaming
              (5 damage)
             ... on level 11 of the Dungeon.
             The game lasted 00:31:33 (10412 turns).

sveltemanboy the Basher (Demonspawn Monk)          Turns: 10412, Time: 00:31:34

Health: 0/67       AC: 13    Str: 10    XL:     11   Next: 46%
Magic:  0/12       EV: 11    Int: 15    God:    Kikubaaqudgha [*****.]
Gold:   568        SH:  0    Dex: 15    Spells: 2/12 levels left

rFire    . . .     SeeInvis .   e - +5 morningstar (pain)
rCold    . . .     Gourm    .   g - +1 buckler
rNeg     . . .     Faith    .   o - +0 ring mail
rPois    .         Spirit   +   w - +0 helmet
rElec    .         Reflect  .   D - +2 cloak
rCorr    +         Harm     .   (no gloves)
MR       .....                  k - +0 pair of boots
Stlth    +.........             C - amulet of guardian spirit
HPRegen  1.21/turn              m - ring of resist corrosion
MPRegen  0.13/turn              (no ring)

@: confused, regenerating
A: claws 1, icy blue scales 2, frail 1, nightstalker 1, powered by death 2, weak
1
a: Receive Corpses, Torment, Renounce Religion


You were on level 11 of the Dungeon.
You worshipped Kikubaaqudgha.
Kikubaaqudgha was extremely pleased with you.
You were not hungry.

You visited 2 branches of the dungeon, and saw 12 of its levels.

You collected 568 gold pieces.

Inventory:

Hand Weapons
 e - a +5 morningstar of pain (weapon)
Missiles
 n - 3 javelins of penetration (quivered)
Armour
 g - a +1 buckler (worn)
 k - a +0 pair of boots (worn)
 o - a +0 ring mail (worn)
 w - a +0 helmet (worn)
 D - a +2 cloak (worn)
Jewellery
 m - a ring of resist corrosion (left claw)
 C - an amulet of guardian spirit (around neck)
Wands
 t - a wand of iceblast (7/15)
 y - a wand of flame (22/48)
 B - a wand of disintegration (8/24)
 H - a wand of lightning (9/15)
Scrolls
 a - 3 scrolls of teleportation
 b - 3 scrolls of recharging
 d - 14 scrolls of identify
 l - a scroll of magic mapping
 u - 3 scrolls of remove curse
 E - a scroll of holy word {unknown}
 F - a scroll of blinking
Potions
 f - a potion of haste
 i - 2 potions of invisibility
 p - a potion of brilliance
 x - a potion of agility
 z - a potion of curing
 A - 2 potions of mutation {unknown}
Books
 h - Kikubaaqudgha's Grimoire of Unholy Arts
   (Kikubaaqudgha gifted it to you on level 7 of the Dungeon)

   Spells                             Type                      Level
   a - Excruciating Wounds            Charms/Necromancy            5
   b - Bolt of Draining               Conjuration/Necromancy       5
   c - Agony                          Necromancy                   5
   d - Cigotuvi's Embrace             Necromancy                   5
   e - Dispel Undead                  Necromancy                   5
 r - a book of Necromancy

   Spells                             Type                      Level
   a - Pain                           Necromancy                   1
   b - Animate Skeleton               Necromancy                   1
   c - Vampiric Draining              Necromancy                   3
   d - Regeneration                   Charms/Necromancy            3
   e - Animate Dead                   Necromancy                   4
   f - Control Undead                 Necromancy                   4
 v - Kikubaaqudgha's Disquisition on Necromancy
   (Kikubaaqudgha gifted it to you in the Ecumenical Temple)

   Spells                             Type                      Level
   a - Pain                           Necromancy                   1
   b - Corpse Rot                     Necromancy                   2
   c - Sublimation of Blood           Necromancy                   2
   d - Regeneration                   Charms/Necromancy            3
   e - Control Undead                 Necromancy                   4
Comestibles
 c - 13 bread rations
 j - 3 royal jellies
 q - 7 fruits
 s - 8 meat rations
 G - 12 chunks of flesh


   Skills:
 - Level 3.0 Fighting
   Level 3.1(8.7) Axes
 * Level 12.3(12.5) Maces & Flails
 - Level 1.0 Armour
 - Level 2.6 Dodging
 - Level 1.7 Stealth
 - Level 4.0 Shields
 - Level 3.3 Unarmed Combat
 - Level 1.1 Spellcasting
 + Level 10.9 Necromancy


You had 2 spell levels left.
You knew the following spells:

 Your Spells              Type           Power        Failure   Level  Hunger
a - Animate Skeleton      Necr           N/A          1%          1    ##.....
b - Animate Dead          Necr           N/A          7%          4    #####..
c - Regeneration          Chrm/Necr      ###.......   19%         3    ####...
d - Corpse Rot            Necr           N/A          1%          2    ###....


Dungeon Overview and Level Annotations

Branches:
Dungeon (11/15)            Temple (1/1) D:5            Lair (0/6) D:11
    Orc (0/2) D:11

Altars:
Cheibriados
Dithmenos
Elyvilon
Fedhas
Gozag
Hepliaklqana
Kikubaaqudgha
Makhleb
Nemelex Xobeh
Okawaru
Qazlal
Ru
Sif Muna
Trog
Uskayaw
Vehumet
Wu Jian
Xom
Yredelemnul
Zin
The Shining One
Beogh

Shops:
D:7 (   D:8 [

Annotations:
D:11 Erica


Innate Abilities, Weirdness & Mutations

You have sharp fingernails.
You are mostly covered in icy blue scales. (AC +3)
You are slightly more attuned to the shadows.
You regenerate health from kills.
You are frail. (-10% HP)
You are weak. (Str -2)


Message History

Erica gestures at you while chanting. The orb of energy hits you!
The orb of energy explodes!
Erica hits you with a scimitar of flaming!
Erica burns you.
The centaur unwields an uncursed scythe.
The centaur wields a shortbow.
The centaur shoots an arrow.
The arrow hits you but does no damage.
A centaur comes into view. It is wielding a shortbow.
You see here an arrow.
Erica casts a spell at you. The orb of energy hits you!
* * * LOW HITPOINT WARNING * * *
The centaur shoots an arrow.
The arrow barely misses you.
You see here an arrow.
The centaur shoots an arrow.
The arrow misses you. Erica barely misses you.
The centaur shoots an arrow.
The arrow hits you!
* * * LOW HITPOINT WARNING * * *
Erica hits you with a scimitar of flaming.
You die...
Kikubaaqudgha rasps: "You have failed me!
Welcome... death!"

##### ##### #........#.#
....###...###........#.##
.....>#..................
...........##..........#
....####.#.##..........#
....# #.#.##..........#.
..### ##....#.#((........
### ##........@.......).
##......#...@(.....#.
##.......###[....#..#
#.........##..####.#..
##.......###.c# # .
##.....## #.$. #....##
##.# #.#.## ... #.### #.#


You could see Erica and a centaur.

Vanquished Creatures
  A centaur warrior (D:10)
  2 two-headed ogres (D:10)
  A manticore (D:8)
  Psyche (D:9)
  A troll (D:10)
  A hornet (D:11)
  4 hippogriffs
  A wyvern (D:11)
  8 yaks (D:11)
  A steam dragon (D:11)
  A water moccasin (D:9)
  3 porcupines (D:11)
  4 orc warriors
  4 ice beasts
  A phantom (D:4)
  3 sky beasts
  5 ogres
  5 centaurs
  3 crocodiles (D:11)
  2 bullfrogs
  A wyvern zombie (D:11)
  2 gnoll sergeants
  6 killer bees
  6 howler monkeys
  An electric eel (D:8)
  A quasit (D:10)
  11 crimson imps
  2 centaur zombies
  5 hounds
  A bullfrog skeleton (D:5)
  9 orc priests
  2 iguanas
  5 jellies
  Ijyb (D:4)
  8 orc wizards
  7 worker ants
  4 hound skeletons
  A worker ant zombie (D:7)
  Robin (D:4)
  A howler monkey zombie (D:5)
  6 gnolls
  13 adders
  A shadow imp (D:6)
  An adder skeleton (D:4)
  2 worms (D:3)
  2 dart slugs (D:1)
  4 leopard geckos
  61 orcs
  2 ball pythons
  6 bats
  5 giant cockroaches
  12 goblins
  7 hobgoblins
  10 jackals
  4 quokkas (D:5)
  9 frilled lizards
  A jackal zombie (D:8)
  5 kobolds
  2 leopard gecko skeletons
  A quokka skeleton (D:7)
  8 rats
289 creatures vanquished.

Vanquished Creatures (collateral kills)
  Erolcha (D:9)
  2 gnolls (D:10)
  An orc (D:10)
4 creatures vanquished.

Vanquished Creatures (others)
  A bush (D:11)
  5 fungi (D:11)
  6 plants (D:11)
12 creatures vanquished.

Grand Total: 305 creatures vanquished

Notes
Turn   | Place    | Note
-------+----------+-------------------------------------------
     0 | D:1      | sveltemanboy the Demonspawn Monk began the quest for the Orb.
     0 | D:1      | Reached XP level 1. HP: 18/18 MP: 1/1
   324 | D:1      | Gained mutation: You have sharp fingernails. [demonic ancestry]
   324 | D:1      | Reached XP level 2. HP: 18/24 MP: 2/2
   775 | D:1      | Reached skill level 1 in Unarmed Combat
   863 | D:1      | Reached skill level 1 in Armour
  1136 | D:2      | Reached XP level 3. HP: 23/29 MP: 3/3
  1608 | D:2      | Learned a level 1 spell: Animate Skeleton
  1860 | D:3      | Reached skill level 1 in Shields
  1875 | D:3      | Gained mutation: You are partially covered in icy blue scales. (AC +2) [demonic ancestry]
  1875 | D:3      | Reached XP level 4. HP: 35/35 MP: 4/4
  2029 | D:3      | Reached XP level 5. HP: 16/41 MP: 5/5
  2661 | D:3      | Reached skill level 1 in Necromancy
  2674 | D:3      | Reached skill level 1 in Maces & Flails
  2958 | D:4      | Noticed Robin
  3199 | D:4      | Noticed an ogre
  3202 | D:4      | Killed an ogre
  3202 | D:4      | Reached skill level 1 in Spellcasting
  3202 | D:4      | Gained mutation: You regenerate a little health from kills. [demonic ancestry]
  3202 | D:4      | Reached XP level 6. HP: 47/47 MP: 7/7
  3272 | D:4      | Reached skill level 2 in Maces & Flails
  3293 | D:4      | Noticed Ijyb
  3304 | D:4      | Killed Ijyb
  3496 | D:4      | Killed Robin
  3515 | D:4      | Reached XP level 7. HP: 47/52 MP: 8/8
  3753 | D:5      | Entered Level 5 of the Dungeon
  3849 | D:5      | Reached skill level 3 in Maces & Flails
  4162 | D:5      | Found a staircase to the Ecumenical Temple.
  4252 | Temple   | Entered the Ecumenical Temple
  4389 | Temple   | Became a worshipper of Kikubaaqudgha
  4389 | Temple   | Reached * piety under Kikubaaqudgha
  4389 | Temple   | Identified Kikubaaqudgha's Disquisition on Necromancy (Kikubaaqudgha gifted it to you in the Ecumenical Temple)
  4389 | Temple   | Received a gift from Kikubaaqudgha
  4389 | Temple   | Reached ** piety under Kikubaaqudgha
  4504 | D:5      | Reached skill level 4 in Maces & Flails
  4731 | D:5      | Found a basalt altar of Yredelemnul.
  4736 | D:5      | Gained mutation: You regenerate health from kills. [demonic ancestry]
  4736 | D:5      | Reached XP level 8. HP: 56/58 MP: 9/9
  4995 | D:6      | Reached skill level 5 in Maces & Flails
  4995 | D:6      | Reached skill level 5 in Necromancy
  5179 | D:6      | Found an iron altar of Okawaru.
  5341 | D:7      | Reached skill level 6 in Maces & Flails
  5421 | D:7      | Learned a level 4 spell: Animate Dead
  5425 | D:7      | Learned a level 3 spell: Regeneration
  5710 | D:7      | Gained mutation: You are slightly more attuned to the shadows. [demonic ancestry]
  5710 | D:7      | Reached XP level 9. HP: 63/63 MP: 10/10
  5761 | D:7      | Found Gamozyh's Weapon Emporium.
  6126 | D:7      | Reached skill level 7 in Maces & Flails
  6408 | D:7      | Reached *** piety under Kikubaaqudgha
  6408 | D:7      | Identified Kikubaaqudgha's Grimoire of Unholy Arts (Kikubaaqudgha gifted it to you on level 7 of the Dungeon)
  6408 | D:7      | Received a gift from Kikubaaqudgha
  6995 | D:8      | Noticed a manticore
  7008 | D:8      | Killed a manticore
  7008 | D:8      | Reached skill level 8 in Maces & Flails
  7543 | D:8      | Reached skill level 9 in Maces & Flails
  8006 | D:8      | Found Kuagent's Antique Armour Shop.
  8058 | D:8      | Reached XP level 10. HP: 63/70 MP: 11/11
  8071 | D:8      | Learned a level 2 spell: Corpse Rot
  8388 | D:9      | Noticed Psyche
  8395 | D:9      | Noticed Erolcha
  8486 | D:9      | Killed Psyche
  8529 | D:9      | Killed Erolcha
  8529 | D:9      | Reached **** piety under Kikubaaqudgha
  8529 | D:9      | Reached skill level 10 in Maces & Flails
  8905 | D:9      | Found a roughly hewn altar of Beogh.
  9046 | D:10     | Entered Level 10 of the Dungeon
  9123 | D:10     | Noticed a two-headed ogre
  9130 | D:10     | Killed a two-headed ogre
  9131 | D:10     | Noticed a centaur warrior
  9146 | D:10     | Killed a centaur warrior
  9146 | D:10     | Reached skill level 11 in Maces & Flails
  9588 | D:10     | Reached skill level 10 in Necromancy
  9666 | D:10     | Noticed a two-headed ogre
  9678 | D:10     | Killed a two-headed ogre
  9678 | D:10     | Gained mutation: You are mostly covered in icy blue scales. (AC +3) [demonic ancestry]
  9678 | D:10     | Reached XP level 11. HP: 54/75 MP: 8/12
 10200 | D:11     | Reached ***** piety under Kikubaaqudgha
 10231 | D:11     | Reached skill level 12 in Maces & Flails
 10246 | D:11     | Found a staircase to the Lair.
 10295 | D:11     | Found a staircase to the Orcish Mines.
 10357 | D:11     | Gained mutation: You are weak. (Str -2) [mutagenic meat]
 10358 | D:11     | Gained mutation: You are frail. (-10% HP) [mutagenic meat]
 10362 | D:11     | Paralysed by a hornet for 1 turns
 10399 | D:11     | Noticed Erica
 10412 | D:11     | Slain by Erica

Vault maps used:
D:1:      dpeg_arrival_tiny_f
D:2:      minmay_misc_feat_four_crosses
D:4:      uniq_robin, uniq_ijyb
D:5:      lemuel_coloured_pillars_altar, temple_hall, first_bread,
          minmay_misc_feat_chi
D:6:      okawaru_trees_2
D:7:      serial_shops, kennysheep_mini
D:8:      serial_shops, kennysheep_little_box
D:9:      special_room, uniq_erolcha, uniq_psyche
D:10:     nicolae_zen_rock_garden, grunt_ogre_cave
D:11:     minmay_lair_entry_grove, orc_0_dummy, uniq_erica
Temple:   minmay_crystal_snake_temple

Skill      XL: |  1  2  3  4  5  6  7  8  9 10 11 |
---------------+----------------------------------+-----
Axes           | 3 |  3.1
Unarmed Combat | 1 2 3 |  3.3
Armour         | 1 |  1.0
Shields        | 1 2 3 4 |  4.0
Necromancy     | 1 2 4 6 8 10 | 10.9
Maces & Flails | 1 2 4 6 9 11 12 | 12.3
Spellcasting   | 1 |  1.1
Fighting       | |  3.0
Dodging        | |  2.6
Stealth        | |  1.7

Action                   |  1- 3 |  4- 6 |  7- 9 | 10-12 || total
-------------------------+-------+-------+-------+-------++-------
Melee: Hand axe          |    29 |       |       |       ||    29
       Unarmed           |    51 |       |       |       ||    51
       Whip              |    23 |   219 |   116 |       ||   358
       Punch             |       |     2 |     4 |       ||     6
       Morningstar       |       |     9 |   328 |   264 ||   601
Throw: Javelin           |     3 |     2 |     2 |     3 ||    10
 Cast: Animate Skeleton  |       |       |     1 |     5 ||     6
       Regeneration      |       |       |     1 |     2 ||     3
       Animate Dead      |       |       |       |     3 ||     3
  Use: Potion            |       |     4 |     8 |     1 ||    13
       Scroll            |       |       |    17 |     1 ||    18
 Stab: Sleeping          |     5 |       |     5 |     3 ||    13
       Distracted        |       |       |     2 |     1 ||     3
  Eat: Chunk             |     3 |     5 |    29 |     4 ||    41
Armor: Robe              |     8 |       |       |       ||     8
       Ring mail         |    29 |    56 |   217 |    89 ||   391
       Skin              |       |     5 |    56 |       ||    61
Dodge: Dodged            |    84 |   116 |   268 |   106 ||   574
Block: Buckler           |       |       |    96 |    60 ||   156

Table legend:
 A = Spawn XP
 B = Non-spawn XP
 C = Spawn XP percentage of total XP
 D = Spawn monster count
 E = Non-spawn monster count
 F = Spawn count percentage of total count
 G = Total turns spent on level
                    A         B        C        D         E        F      G
               +---------+---------+-------+---------+---------+-------+---------
         Total |       0 |   16074 |   0.0 |       0 |     293 |   0.0 | 10412
               +---------+---------+-------+---------+---------+-------+---------
           D:1 |       0 |      31 |   0.0 |       0 |      18 |   0.0 |  1065
           D:2 |       0 |      44 |   0.0 |       0 |      12 |   0.0 |   766
           D:3 |       0 |     281 |   0.0 |       0 |      45 |   0.0 |  1179
           D:4 |       0 |     405 |   0.0 |       0 |      23 |   0.0 |   743
           D:5 |       0 |     722 |   0.0 |       0 |      30 |   0.0 |   976
           D:6 |       0 |     749 |   0.0 |       0 |      19 |   0.0 |   400
           D:7 |       0 |    1114 |   0.0 |       0 |      30 |   0.0 |  1655
           D:8 |       0 |    2457 |   0.0 |       0 |      32 |   0.0 |  1478
           D:9 |       0 |    2111 |   0.0 |       0 |      35 |   0.0 |   603
          D:10 |       0 |    3847 |   0.0 |       0 |      24 |   0.0 |   994
          D:11 |       0 |    4313 |   0.0 |       0 |      25 |   0.0 |   372
               +---------+---------+-------+---------+---------+-------+---------
